 Dungeon Crawl Stone Soup version 0.29.0-4-gdea44cf6ec (webtiles) character file.

Game seed: 7919158115136281158

24896 qw the Blocker (level 13, -7/82 HPs)
             Began as a Gargoyle Berserker on Sept 8, 2022.
             Was a Priest of Trog.
             Mangled by a death yak (11 damage)
             ... led by a torpor snail
             ... on level 5 of the Lair of Beasts.
             The game lasted 00:05:42 (16804 turns).

qw the Blocker (Gargoyle Berserker)                Turns: 16804, Time: 00:05:43

Health: -7/82      AC: 35    Str: 26    XL:     13   Next: 16%
Magic:  13/13      EV: 10    Int: 11    God:    Trog [***...]
Gold:   642        SH: 18    Dex: 13    Spells: 12/12 levels left

rFire   . . .      SeeInvis .   o - +0 morningstar
rCold   . . .      Faith    .   p - +0 tower shield
rNeg    + . .      Spirit   .   q - +0 plate armour
rPois   inf        Reflect  .   b - +3 helmet of Free Will {Rampage rC- Stlth+}
rElec   +          Harm     .   s - +0 cloak "Ofisebaf" {rC+ Int+3 Dex+4}
rCorr   .          Rampage  +   g - +1 pair of gloves
Will    .....                   m - +2 pair of boots
Stlth   ..........              e - amulet of regeneration
HPRegen 1.03/turn               u - +4 ring of evasion
MPRegen 0.13/turn               (no ring)

@: about to teleport, on berserk cooldown, slowed, very slow
A: sickness immunity, AC +9, negative energy resistance 1, electricity
resistance, torment resistance 1, petrification resistance
a: Renounce Religion, Berserk, Trog's Hand


You were on level 5 of the Lair of Beasts.
You worshipped Trog.
Trog was most pleased with you.
You visited 2 branches of the dungeon, and saw 15 of its levels.
You also visited: Ossuary.

You collected 829 gold pieces.
You spent 187 gold pieces at shops.


Innate Abilities, Weirdness & Mutations

You are immune to sickness and miasma.
Your stone body is resilient. (AC +9)
You are immune to poison.
You resist negative energy. (rN+)
You are resistant to electric shocks. (rElec)
You are resistant to unholy torment.
You are immune to petrification.


   Skills:
 - Level 10.1 Fighting
 - Level 12.0 Axes
 - Level 1.1 Throwing
 - Level 9.0 Armour
 - Level 2.0 Dodging
 + Level 14.6 Shields


You had 12 spell levels left.
You didn't know any spells.
Your spell library was empty.

Inventory:

Hand Weapons
 d - a +3 vampiric war axe
 o - a +0 morningstar (weapon)
Armour
 b - the +3 helmet of Free Will (worn) {Rampage rC- Stlth+}
   (You found it on level 2 of the Dungeon)

   rC:        It makes you vulnerable to cold.
   Rampage:   It bestows one free step when moving towards enemies.
   Stlth:     It makes you more stealthy.
 g - a +1 pair of gloves (worn)
 m - a +2 pair of boots (worn)
 p - a +0 tower shield (worn)
 q - a +0 plate armour (worn)
 s - the +0 cloak "Ofisebaf" (worn) {rC+ Int+3 Dex+4}
   (You acquired it on level 1 of the Lair of Beasts)

   Int:       It affects your intelligence (+3).
   Dex:       It affects your dexterity (+4).
   rC:        It protects you from cold.
 t - a scarf of repulsion
Jewellery
 e - an amulet of regeneration (around neck)
 f - a ring of ice
 u - a +4 ring of evasion (left hand)
Scrolls
 k - 3 scrolls of teleportation
 l - 8 scrolls of identify
Potions
 a - 2 potions of might
 c - 3 potions of heal wounds
 h - 4 potions of haste
 i - a potion of cancellation
 j - 4 potions of resistance
 n - 4 potions of curing

Dungeon Overview and Level Annotations

Branches:
Dungeon (10/15)            Temple (0/1) D:5            Lair (5/5) D:8
  Swamp (0/4) Lair:2        Snake (0/4) Lair:3        Slime (0/5) Lair:5
    Orc (0/2) D:9         Ossuary (visited)

Altars:
Cheibriados
Hepliaklqana
Kikubaaqudgha
Makhleb
Ru
Uskayaw
Wu Jian
Yredelemnul
Zin
The Shining One
Jiyva

Shops:
D:8 [

Annotations:
D:4 1 runed translucent door, qw's ghost, amateur MiFi
D:9 3 runed translucent doors, qw's ghost, novice GrFi
Lair:4 2 transporters, qw's ghost, journeyman MiBe


Message History

You block the eight-headed hydra's attack.
The eight-headed hydra barely misses you.
The eight-headed hydra completely misses you.
The eight-headed hydra bites you but does no damage. x3
The eight-headed hydra bites you. You block the cane toad's attack.
The wolf bites you but does no damage. The basilisk gazes at you.
You easily resist.
The cane toad stings you but does no damage.
The eight-headed hydra bites you but does no damage. x4
The eight-headed hydra bites you. The eight-headed hydra bites you!
The eight-headed hydra closely misses you.
The eight-headed hydra bites you but does no damage.
You impale the eight-headed hydra!!
You kill the eight-headed hydra!
Trog accepts your kill. You block the wolf's attack. x2
The basilisk gazes at you.
You easily resist.
The cane toad closely misses you.
A wolf comes into view.
You block the wolf's attack.
The torpor snail bites you but does no damage.
Your Fighting skill increases to level 10!
You impale the basilisk!!
The basilisk is almost dead.
You are no longer berserk.
You are exhausted.
You feel as though you will be slow longer.
You block the wolf's attack. You block the basilisk's attack.
The cane toad completely misses you. The wolf bites you but does no damage.
The death yak gores you!
The basilisk bites you but does no damage.
The cane toad stings you but does no damage.
The torpor snail bites you but does no damage.
16804 ||| READING 4 scrolls of teleportation.
As you read the scroll of teleportation, it crumbles to dust.
You feel strangely unstable. You block the wolf's attack.
You block the cane toad's attack. You block the wolf's attack.
The death yak gores you!
You die...

#.. #..... ..._..
..... ...>..
#..[...
......####...#...
.....#.#...#....
#....#.....#
#P.....<.###..
###.lF..P.P....
#.hw@..)......
#..Yh........P
.P.....#.........
....h.#.........#
....## #.........
.... #.........
... ......... ..
.......


You could see a death yak, a torpor snail, a cane toad, a basilisk and 3 wolves.

Vanquished Creatures
  A hydra (Lair:5)
  A catoblepas (Lair:4)
  2 death yaks (Lair:4)
  Nergalle (Lair:3)
  2 bog bodies (Lair:2)
  Pikel (D:7)
  6 elephants (Lair:3)
  3 black mambas
  2 torpor snails
  A cane toad (Lair:4)
  2 komodo dragons (Lair:2)
  A troll (D:9)
  7 blink frogs (Lair:2)
  2 dream sheep (Lair:4)
  Sigmund (D:3)
  21 yaks
  A wyvern (Lair:3)
  2 basilisks
  3 steam dragons (Lair:2)
  Menkaure (D:7)
  6 vampire mosquitoes (Lair:4)
  2 wargs (D:9)
  An acid dragon (D:8)
  3 nagas (Lair:3)
  5 water moccasins
  5 orc warriors
  3 ice beasts
  6 black bears
  2 ogres (D:5)
  14 wolves
  2 centaurs
  A lemure (D:7)
  A phantom (D:5)
  2 kobold brigands
  5 bullfrogs
  2 necrophages
  3 scorpions
  12 wights
  8 killer bees
  3 howler monkeys
  2 electric eels (Lair:3)
  2 centaur zombies (Ossuary)
  3 jellies
  4 hounds
  4 orc priests
  A gnoll bouda (D:8)
  3 iron imps (D:4)
  2 iguanas
  7 orc wizards
  7 hell rats (Lair:1)
  3 ogre zombies (Ossuary)
  7 mummies (Ossuary)
  8 gnolls
  4 adders
  2 shadow imps
  An ufetubus (D:3)
  3 adder zombies (Ossuary)
  A worm (D:4)
  3 dart slugs
  27 orcs
  7 endoplasms
  4 giant cockroaches
  A goblin (D:4)
  7 hobgoblins
  21 kobolds
  4 quokkas
  3 ball pythons
  3 bats
  7 frilled lizards (D:1)
  4 goblin zombies (Ossuary)
  5 hobgoblin zombies (Ossuary)
  A kobold zombie (Ossuary)
  An orc zombie (Ossuary)
  4 quokka zombies (Ossuary)
  5 rats
  7 rat zombies (Ossuary)
325 creatures vanquished.

Vanquished Creatures (collateral kills)
  3 hydras
  2 cane toads
5 creatures vanquished.

Vanquished Creatures (others)
  A blink frog (Lair:2)
  47 fungi
  80 plants
128 creatures vanquished.

Grand Total: 458 creatures vanquished

Notes
Turn   | Place    | Note
-------+----------+-------------------------------------------
     0 | D:1      | qw the Gargoyle Berserker began the quest for the Orb.
     0 | D:1      | Reached XP level 1. HP: 14/14 MP: 1/1
     0 | D:1      | 0 ||| qw: Version: 0.1-a-112-g44dc6cd
     0 | D:1      | 0 ||| qw: Game counter: 6805
     0 | D:1      | 0 ||| qw: Always use a shield: true
     0 | D:1      | 0 ||| qw: Do Orc after D:15 true
     0 | D:1      | 0 ||| qw: Do second Lair branch before Depths: true
     0 | D:1      | 0 ||| qw: Lair rune preference: random
     0 | D:1      | 0 ||| qw: Plans: Normal
     0 | D:1      | 0 ||| PLANNING D:1-11
    35 | D:1      | 35 ||| Stepping ~*~*~tactically~*~*~ (stealth).
    92 | D:1      | Reached skill level 3 in Axes
   208 | D:1      | Reached XP level 2. HP: 12/19 MP: 2/2
   402 | D:1      | 402 ||| Stepping ~*~*~tactically~*~*~ (stealth).
   409 | D:1      | 409 ||| Stepping ~*~*~tactically~*~*~ (stealth).
   495 | D:1      | 495 ||| Stepping ~*~*~tactically~*~*~ (hiding).
  1177 | D:1      | 1177 ||| Stepping ~*~*~tactically~*~*~ (stealth).
  1180 | D:1      | Reached XP level 3. HP: 23/23 MP: 3/3
  1190 | D:1      | 1190 ||| Stepping ~*~*~tactically~*~*~ (stealth).
  1193 | D:1      | 1193 ||| Stepping ~*~*~tactically~*~*~ (stealth).
  1234 | D:1      | 1234 ||| Stepping ~*~*~tactically~*~*~ (stealth).
  1249 | D:1      | 1249 ||| UPGRADING to +0 scale mail.
  1259 | D:1      | 1259 ||| DROPPING +0 animal skin.
  1260 | D:1      | 1260 ||| UPGRADING to +0 pair of gloves.
  1265 | D:1      | 1265 ||| DROPPING ring of flight.
  1266 | D:1      | 1266 ||| READING scroll labelled KOEPPI RAS POH.
  1267 | D:1      | 1267 ||| READING scroll labelled PARULO DASUAFO.
  1268 | D:1      | 1268 ||| READING scroll labelled KEQ TYFODWY.
  1275 | D:1      | 1275 ||| Stepping ~*~*~tactically~*~*~ (stealth).
  1282 | D:1      | 1282 ||| Stepping ~*~*~tactically~*~*~ (stealth).
  1305 | D:2      | Identified the +3 helmet of Free Will {Rampage rC- Stlth+}
  1726 | D:2      | Found a hazy altar of Hepliaklqana.
  2168 | D:2      | 2168 ||| READING scroll of enchant weapon.
  2168 | D:2      | 2168 ||| ENCHANTING +1 hand axe.
  2367 | D:2      | 2367 ||| FLEEEEING.
  2380 | D:2      | Reached XP level 4. HP: 22/28 MP: 4/4
  2490 | D:2      | 2490 ||| UPGRADING to +3 helmet of Free Will {Rampage rC-
                  | Stlth+}.
  2495 | D:2      | 2495 ||| UPGRADING to +0 cloak.
  2500 | D:2      | 2500 ||| READING scroll labelled LOMUCK BUSUI.
  2547 | D:3      | Found a snail-covered altar of Cheibriados.
  2549 | D:3      | Reached ** piety under Trog
  2567 | D:3      | 2567 ||| Stepping ~*~*~tactically~*~*~ (stealth).
  2568 | D:3      | 2568 ||| Stepping ~*~*~tactically~*~*~ (stealth).
  2580 | D:3      | 2580 ||| Stepping ~*~*~tactically~*~*~ (stealth).
  2584 | D:3      | 2584 ||| Stepping ~*~*~tactically~*~*~ (stealth).
  2648 | D:3      | Found a glowing silver altar of Zin.
  2713 | D:3      | Found a hazy altar of Hepliaklqana.
  2877 | D:3      | Noticed Sigmund
  2878 | D:3      | 2878 ||| Stepping ~*~*~tactically~*~*~ (hiding).
  2879 | D:3      | 2879 ||| Stepping ~*~*~tactically~*~*~ (hiding).
  2881 | D:3      | 2881 ||| INVOKING Berserk.
  2882 | D:3      | 2882 ||| INVOKING Berserk.
  2885 | D:3      | Killed Sigmund
  2886 | D:3      | Reached skill level 6 in Axes
  2886 | D:3      | Reached XP level 5. HP: 27/32 MP: 5/5
  2886 | D:3      | Reached XP level 6. HP: 31/37 MP: 6/6
  3133 | D:3      | 3133 ||| UPGRADING to +0 kite shield.
  3138 | D:3      | 3138 ||| DROPPING amulet of magic regeneration.
  3139 | D:3      | 3139 ||| READING scroll labelled RUPSOC WAXOETH.
  3140 | D:3      | 3140 ||| READING scroll labelled WAEZIF RAOS.
  3198 | D:3      | 3198 ||| READING 2 scrolls of identify.
  3198 | D:3      | 3198 ||| IDENTIFYING metallic green potion
  3216 | D:4      | Found a hide-covered altar of Uskayaw.
  3243 | D:4      | Noticed a black bear
  3248 | D:4      | 3248 ||| INVOKING Berserk.
  3253 | D:4      | Killed a black bear
  3254 | D:4      | Reached skill level 2 in Shields
  3419 | D:4      | 3419 ||| Stepping ~*~*~tactically~*~*~ (stealth).
  3421 | D:4      | 3421 ||| Stepping ~*~*~tactically~*~*~ (stealth).
  3441 | D:4      | 3441 ||| DROPPING +0 whip.
  3445 | D:4      | 3445 ||| Stepping ~*~*~tactically~*~*~ (stealth).
  3446 | D:4      | 3446 ||| SWAPPING to +0 war axe.
  3447 | D:4      | 3447 ||| DROPPING +2 hand axe.
  3698 | D:4      | Noticed a black bear
  3704 | D:4      | 3704 ||| INVOKING Berserk.
  3707 | D:4      | Killed a black bear
  3708 | D:4      | Reached skill level 3 in Shields
  3708 | D:4      | Reached XP level 7. HP: 41/41 MP: 7/7
  4038 | D:4      | Found a runed translucent door.
  4070 | D:4      | Found a burning altar of Makhleb.
  4081 | D:4      | 4081 ||| INVOKING Berserk.
  4084 | D:4      | Reached skill level 4 in Shields
  4308 | D:4      | Noticed qw's ghost (amateur MiFi)
  4309 | D:4      | 4309 ||| UPGRADING to +0 tower shield.
  4319 | D:4      | 4319 ||| DROPPING +0 kite shield.
  4320 | D:4      | 4320 ||| UPGRADING to +0 chain mail.
  4330 | D:4      | 4330 ||| DROPPING +0 scale mail.
  4331 | D:4      | 4331 ||| READING scroll labelled KOQETHIVID.
  4432 | D:4      | 4432 ||| READING 3 scrolls of identify.
  4432 | D:4      | 4432 ||| IDENTIFYING dark potion
  4433 | D:4      | 4433 ||| READING 2 scrolls of identify.
  4433 | D:4      | 4433 ||| IDENTIFYING sedimented dark potion
  4434 | D:4      | 4434 ||| DROPPING potion of degeneration.
  4457 | D:5      | Entered Level 5 of the Dungeon
  4458 | D:5      | 4458 ||| PLANNING OSSUARY
  4466 | D:5      | Found a sand-covered staircase.
  4476 | Ossuary  | Entered an ossuary
  4527 | Ossuary  | Reached skill level 5 in Shields
  4896 | Ossuary  | 4896 ||| Stepping ~*~*~tactically~*~*~ (stealth).
  4918 | Ossuary  | Reached *** piety under Trog
  4970 | Ossuary  | Reached skill level 6 in Shields
  5089 | Ossuary  | 5089 ||| READING scroll labelled KEBBIOCVUT.
  5090 | Ossuary  | 5090 ||| READING scroll labelled DIMENAKKIJY.
  5091 | Ossuary  | 5091 ||| READING scroll labelled XODUPAU TEOC.
  5092 | Ossuary  | 5092 ||| READING scroll labelled RAOQUAT VAIRAU.
  5095 | Ossuary  | 5095 ||| DRINKING 2 pink potions.
  5096 | Ossuary  | 5096 ||| DRINKING 4 metallic clear potions.
  5097 | Ossuary  | 5097 ||| DRINKING 2 grey potions.
  5098 | Ossuary  | 5098 ||| READING 4 scrolls of identify.
  5098 | Ossuary  | 5098 ||| IDENTIFYING red potion
  5099 | Ossuary  | 5099 ||| READING 3 scrolls of identify.
  5099 | Ossuary  | 5099 ||| IDENTIFYING cyan potion
  5100 | Ossuary  | 5100 ||| READING 2 scrolls of identify.
  5100 | Ossuary  | 5100 ||| IDENTIFYING ruby potion
  5101 | Ossuary  | 5101 ||| DROPPING potion of lignification.
  5102 | Ossuary  | 5102 ||| DROPPING potion of invisibility.
  5113 | D:5      | 5113 ||| PLANNING D:1-11
  5179 | D:5      | Found a sacrificial altar of Ru.
  5352 | D:5      | Found a staircase to the Ecumenical Temple.
  5353 | D:5      | 5353 ||| INVOKING Berserk.
  5356 | D:5      | Reached skill level 7 in Shields
  5356 | D:5      | Reached XP level 8. HP: 46/46 MP: 8/8
  5520 | D:5      | 5520 ||| Stepping ~*~*~tactically~*~*~ (hiding).
  5521 | D:5      | 5521 ||| Stepping ~*~*~tactically~*~*~ (hiding).
  5522 | D:5      | 5522 ||| Stepping ~*~*~tactically~*~*~ (hiding).
  5624 | D:5      | 5624 ||| Stepping ~*~*~tactically~*~*~ (hiding).
  5627 | D:5      | 5627 ||| INVOKING Berserk.
  5632 | D:5      | Reached skill level 8 in Shields
  5747 | D:5      | 5747 ||| Stepping ~*~*~tactically~*~*~ (hiding).
  5770 | D:5      | Reached skill level 9 in Shields
  5923 | D:5      | 5923 ||| READING scroll of enchant armour.
  5923 | D:5      | 5923 ||| ENCHANTING +0 pair of gloves.
  5935 | D:5      | 5935 ||| Stepping ~*~*~tactically~*~*~ (stealth).
  5936 | D:5      | 5936 ||| INVOKING Berserk.
  5941 | D:5      | Reached skill level 3 in Armour
  6051 | D:5      | 6051 ||| Stepping ~*~*~tactically~*~*~ (stealth).
  6052 | D:5      | 6052 ||| Stepping ~*~*~tactically~*~*~ (stealth).
  6053 | D:5      | 6053 ||| Stepping ~*~*~tactically~*~*~ (stealth).
  6054 | D:5      | 6054 ||| Stepping ~*~*~tactically~*~*~ (stealth).
  6058 | D:5      | 6058 ||| Stepping ~*~*~tactically~*~*~ (stealth).
  6059 | D:5      | 6059 ||| Stepping ~*~*~tactically~*~*~ (stealth).
  6165 | D:5      | 6165 ||| INVOKING Berserk.
  6495 | D:5      | 6495 ||| UPGRADING to +0 plate armour.
  6505 | D:5      | 6505 ||| DROPPING +0 chain mail.
  6506 | D:5      | 6506 ||| READING scroll labelled IROQOTECOA.
  6507 | D:5      | 6507 ||| READING 3 scrolls of identify.
  6507 | D:5      | 6507 ||| IDENTIFYING bubbling yellow potion
  6508 | D:5      | 6508 ||| READING 2 scrolls of identify.
  6508 | D:5      | 6508 ||| IDENTIFYING puce potion
  6509 | D:5      | 6509 ||| DROPPING potion of magic.
  6510 | D:5      | 6510 ||| DROPPING potion of flight.
  6580 | D:6      | 6580 ||| INVOKING Berserk.
  6721 | D:6      | 6721 ||| INVOKING Berserk.
  6854 | D:6      | Reached XP level 9. HP: 52/52 MP: 9/9
  6869 | D:6      | 6869 ||| INVOKING Berserk.
  6928 | D:6      | 6928 ||| Stepping ~*~*~tactically~*~*~ (stealth).
  6943 | D:6      | 6943 ||| READING 2 scrolls of enchant weapon.
  6943 | D:6      | 6943 ||| ENCHANTING +0 war axe.
  6944 | D:6      | 6944 ||| READING scroll of enchant weapon.
  6944 | D:6      | 6944 ||| ENCHANTING +1 war axe.
  7221 | D:6      | 7221 ||| Stepping ~*~*~tactically~*~*~ (stealth).
  7446 | D:6      | 7446 ||| UPGRADING to +2 pair of boots.
  7451 | D:6      | 7451 ||| READING scroll labelled FADWEU KYECW.
  7587 | D:7      | Reached skill level 10 in Shields
  7607 | D:7      | 7607 ||| Stepping ~*~*~tactically~*~*~ (hiding).
  7608 | D:7      | 7608 ||| Stepping ~*~*~tactically~*~*~ (hiding).
  7784 | D:7      | Found an ornate altar of the Wu Jian Council.
  7791 | D:7      | Found an ancient bone altar of Kikubaaqudgha.
  8028 | D:7      | Found a glowing golden altar of the Shining One.
  8030 | D:7      | Noticed an angel
  8184 | D:7      | Found a basalt altar of Yredelemnul.
  8214 | D:7      | Noticed Menkaure
  8216 | D:7      | 8216 ||| INVOKING Berserk.
  8222 | D:7      | Killed Menkaure
  8386 | D:7      | Noticed Pikel
  8387 | D:7      | 8387 ||| Stepping ~*~*~tactically~*~*~ (stealth).
  8390 | D:7      | 8390 ||| INVOKING Berserk.
  8397 | D:7      | Killed Pikel
  8621 | D:7      | 8621 ||| READING 3 scrolls of identify.
  8621 | D:7      | 8621 ||| IDENTIFYING white potion
  8622 | D:7      | 8622 ||| READING 2 scrolls of identify.
  8622 | D:7      | 8622 ||| IDENTIFYING viscous inky potion
  8623 | D:7      | 8623 ||| DROPPING potion of attraction.
  8624 | D:7      | 8624 ||| DROPPING potion of ambrosia.
  8670 | D:8      | 8670 ||| INVOKING Berserk.
  8678 | D:8      | 8678 ||| FLEEEEING.
  8679 | D:8      | 8679 ||| FLEEEEING.
  8680 | D:8      | 8680 ||| STAIRDANCE
  8942 | D:8      | 8942 ||| INVOKING Berserk.
  8946 | D:8      | Reached XP level 10. HP: 59/59 MP: 10/10
  8962 | D:8      | 8962 ||| FLEEEEING.
  8963 | D:8      | 8963 ||| STAIRDANCE
  9140 | D:8      | 9140 ||| Stepping ~*~*~tactically~*~*~ (stealth).
  9146 | D:8      | 9146 ||| INVOKING Berserk.
  9151 | D:8      | Reached skill level 11 in Shields
  9165 | D:8      | Reached **** piety under Trog
  9328 | D:8      | Found a staircase to the Lair.
  9380 | D:8      | 9380 ||| FLEEEEING.
  9381 | D:8      | 9381 ||| FLEEEEING.
  9382 | D:8      | 9382 ||| FLEEEEING.
  9383 | D:8      | 9383 ||| FLEEEEING.
  9384 | D:8      | 9384 ||| FLEEEEING.
  9385 | D:8      | 9385 ||| FLEEEEING.
  9386 | D:8      | 9386 ||| FLEEEEING.
  9387 | D:8      | 9387 ||| FLEEEEING.
  9388 | D:8      | 9388 ||| FLEEEEING.
  9391 | D:8      | 9391 ||| INVOKING Berserk.
  9591 | D:8      | Reached skill level 6 in Fighting
  9661 | D:8      | You fall into a shaft and drop 2 floors!
  9661 | D:10     | Entered Level 10 of the Dungeon
  9687 | D:10     | 9687 ||| READING scroll labelled SYSOIM SEYXT.
  9707 | D:9      | 9707 ||| INVOKING Berserk.
  9713 | D:9      | Reached skill level 6 in Armour
  9714 | D:9      | HP: 22/90 [killer bee (2)]
  9721 | D:9      | 9721 ||| READING 2 scrolls of teleportation.
  9722 | D:9      | 9722 ||| DRINKING 2 potions of heal wounds.
  9875 | D:8      | Found Yhel's Antique Armour Boutique.
  9878 | D:8      | 9878 ||| BUYING glowing cloak (187 gold).
  9878 | D:8      | Bought a glowing cloak for 187 gold pieces
  9878 | D:8      | 9878 ||| DROPPING +0 cloak of preservation.
  9879 | D:8      | 9879 ||| READING scroll of teleportation.
 10359 | D:9      | 10359 ||| Stepping ~*~*~tactically~*~*~ (hiding).
 10365 | D:9      | 10365 ||| INVOKING Berserk.
 10486 | D:9      | 10486 ||| Stepping ~*~*~tactically~*~*~ (stealth).
 10488 | D:9      | 10488 ||| Stepping ~*~*~tactically~*~*~ (stealth).
 10491 | D:9      | 10491 ||| Stepping ~*~*~tactically~*~*~ (stealth).
 10512 | D:9      | 10512 ||| SWAPPING to +2 vampiric war axe.
 10513 | D:9      | 10513 ||| DROPPING +2 war axe.
 10556 | D:9      | 10556 ||| Stepping ~*~*~tactically~*~*~ (stealth).
 10560 | D:9      | 10560 ||| Stepping ~*~*~tactically~*~*~ (stealth).
 10584 | D:9      | 10584 ||| DROPPING +0 flail.
 10589 | D:9      | 10589 ||| Stepping ~*~*~tactically~*~*~ (stealth).
 10593 | D:9      | 10593 ||| Stepping ~*~*~tactically~*~*~ (stealth).
 10595 | D:9      | 10595 ||| Stepping ~*~*~tactically~*~*~ (hiding).
 10596 | D:9      | 10596 ||| Stepping ~*~*~tactically~*~*~ (hiding).
 10602 | D:9      | Reached skill level 9 in Axes
 10639 | D:9      | 10639 ||| INVOKING Berserk.
 10751 | D:9      | Found a staircase to the Orcish Mines.
 10784 | D:9      | 10784 ||| Stepping ~*~*~tactically~*~*~ (hiding).
 10789 | D:9      | 10789 ||| DRINKING 3 potions of curing.
 10789 | D:9      | 10789 ||| (to cure confusion)
 10879 | D:9      | 10879 ||| DROPPING +4 flail.
 10898 | D:9      | 10898 ||| INVOKING Berserk.
 10902 | D:9      | Reached skill level 12 in Shields
 11072 | D:9      | 11072 ||| READING scroll of enchant weapon.
 11072 | D:9      | 11072 ||| ENCHANTING +2 vampiric war axe.
 11219 | D:9      | 11219 ||| Stepping ~*~*~tactically~*~*~ (stealth).
 11221 | D:9      | 11221 ||| Stepping ~*~*~tactically~*~*~ (stealth).
 11231 | D:9      | 11231 ||| Stepping ~*~*~tactically~*~*~ (stealth).
 11235 | D:9      | 11235 ||| Stepping ~*~*~tactically~*~*~ (stealth).
 11288 | D:9      | Found a runed translucent gate.
 11290 | D:9      | Found a runed translucent gate.
 11291 | D:9      | Noticed qw's ghost (novice GrFi)
 11292 | D:9      | Found a runed translucent gate.
 11293 | D:9      | Noticed a spectral centaur warrior
 11581 | D:8      | 11581 ||| PLANNING LAIR
 11630 | Lair:1   | Entered Level 1 of the Lair of Beasts
 11688 | Lair:1   | Identified the +2 leather armour of Emaunk {Rampage Drain
                  | +Inv rElec}
 11703 | Lair:1   | Noticed an eight-headed hydra
 11704 | Lair:1   | 11704 ||| Stepping ~*~*~tactically~*~*~ (stealth).
 11755 | Lair:1   | 11755 ||| INVOKING Berserk.
 11757 | Lair:1   | Reached skill level 1 in Throwing
 11948 | Lair:1   | Noticed a black mamba
 11951 | Lair:1   | 11951 ||| INVOKING Berserk.
 11965 | Lair:1   | Killed a black mamba
 12040 | Lair:1   | 12040 ||| INVOKING Brothers in Arms.
 12042 | Lair:1   | Killed an eight-headed hydra
 12043 | Lair:1   | Reached XP level 11. HP: 68/68 MP: 11/11
 12632 | Lair:1   | 12632 ||| UPGRADING to +4 ring of evasion.
 12633 | Lair:1   | 12633 ||| READING scroll labelled LAMNE KUXAPN.
 12633 | Lair:1   | Identified a scroll of acquirement
 12633 | Lair:1   | 12633 ||| ACQUIRING +0 cloak "Ofisebaf" {rC+ Int+3 Dex+4}
 12633 | Lair:1   | Acquired the +0 cloak "Ofisebaf" {rC+ Int+3 Dex+4}
 12635 | Lair:1   | 12635 ||| UPGRADING to +0 cloak "Ofisebaf" {rC+ Int+3
                  | Dex+4}.
 12645 | Lair:1   | 12645 ||| DROPPING +0 cloak.
 12646 | Lair:1   | 12646 ||| READING scroll labelled EXODDE FEKEDAONO.
 12668 | Lair:2   | 12668 ||| STAIRDANCE
 12681 | Lair:2   | 12681 ||| STAIRDANCE
 12700 | Lair:2   | 12700 ||| INVOKING Berserk.
 12710 | Lair:2   | 12710 ||| STAIRDANCE
 12832 | Lair:2   | 12832 ||| INVOKING Berserk.
 12972 | Lair:2   | 12972 ||| INVOKING Berserk.
 13114 | Lair:2   | 13114 ||| Stepping ~*~*~tactically~*~*~ (hiding).
 13115 | Lair:2   | 13115 ||| Stepping ~*~*~tactically~*~*~ (hiding).
 13118 | Lair:2   | 13118 ||| INVOKING Berserk.
 13237 | Lair:2   | 13237 ||| Stepping ~*~*~tactically~*~*~ (stealth).
 13239 | Lair:2   | 13239 ||| Stepping ~*~*~tactically~*~*~ (stealth).
 13241 | Lair:2   | 13241 ||| Stepping ~*~*~tactically~*~*~ (stealth).
 13328 | Lair:2   | Noticed a bog body
 13331 | Lair:2   | Found a staircase to the Swamp.
 13335 | Lair:2   | Killed a bog body
 13343 | Lair:2   | Noticed a bog body
 13346 | Lair:2   | Killed a bog body
 13347 | Lair:2   | Reached skill level 13 in Shields
 13407 | Lair:2   | 13407 ||| INVOKING Berserk.
 13476 | Lair:2   | 13476 ||| Stepping ~*~*~tactically~*~*~ (stealth).
 13477 | Lair:2   | 13477 ||| Stepping ~*~*~tactically~*~*~ (stealth).
 13504 | Lair:2   | 13504 ||| Stepping ~*~*~tactically~*~*~ (stealth).
 13511 | Lair:2   | 13511 ||| Stepping ~*~*~tactically~*~*~ (hiding).
 13513 | Lair:2   | 13513 ||| INVOKING Berserk.
 13724 | Lair:2   | 13724 ||| INVOKING Berserk.
 13730 | Lair:2   | Reached XP level 12. HP: 73/73 MP: 12/12
 13855 | Lair:2   | 13855 ||| INVOKING Berserk.
 14467 | Lair:2   | 14467 ||| UPGRADING to amulet of regeneration.
 14472 | Lair:2   | 14472 ||| DROPPING amulet of the acrobat.
 14510 | Lair:3   | 14510 ||| FLEEEEING.
 14512 | Lair:3   | 14512 ||| FLEEEEING.
 14514 | Lair:3   | 14514 ||| FLEEEEING.
 14515 | Lair:3   | 14515 ||| FLEEEEING.
 14516 | Lair:3   | 14516 ||| FLEEEEING.
 14517 | Lair:3   | 14517 ||| FLEEEEING.
 14518 | Lair:3   | 14518 ||| FLEEEEING.
 14519 | Lair:3   | 14519 ||| FLEEEEING.
 14520 | Lair:3   | 14520 ||| STAIRDANCE
 14524 | Lair:3   | 14524 ||| INVOKING Berserk.
 14532 | Lair:3   | 14532 ||| STAIRDANCE
 14646 | Lair:3   | Noticed a four-headed hydra
 14647 | Lair:3   | 14647 ||| Stepping ~*~*~tactically~*~*~ (stealth).
 14661 | Lair:3   | 14661 ||| INVOKING Brothers in Arms.
 14662 | Lair:3   | 14662 ||| INVOKING Brothers in Arms.
 14663 | Lair:3   | 14663 ||| INVOKING Brothers in Arms.
 14664 | Lair:3   | 14664 ||| SWAPPING to +0 morningstar.
 14666 | Lair:3   | 14666 ||| INVOKING Berserk.
 14668 | Lair:3   | Killed a four-headed hydra
 14673 | Lair:3   | 14673 ||| SWAPPING to +3 vampiric war axe.
 14862 | Lair:3   | Noticed Nergalle
 14864 | Lair:3   | 14864 ||| INVOKING Berserk.
 14895 | Lair:3   | Killed Nergalle
 15123 | Lair:3   | Reached skill level 9 in Fighting
 15347 | Lair:3   | Found a staircase to the Snake Pit.
 15348 | Lair:3   | 15348 ||| Stepping ~*~*~tactically~*~*~ (hiding).
 15364 | Lair:3   | Reached skill level 9 in Armour
 15596 | Lair:3   | 15596 ||| DROPPING +1 cloak.
 15625 | Lair:4   | 15625 ||| STAIRDANCE
 15633 | Lair:3   | Reached skill level 14 in Shields
 15662 | Lair:4   | 15662 ||| Stepping ~*~*~tactically~*~*~ (stealth).
 15668 | Lair:4   | 15668 ||| INVOKING Berserk.
 15766 | Lair:4   | 15766 ||| Stepping ~*~*~tactically~*~*~ (stealth).
 15791 | Lair:4   | Noticed a catoblepas
 15792 | Lair:4   | 15792 ||| Stepping ~*~*~tactically~*~*~ (stealth).
 15794 | Lair:4   | 15794 ||| INVOKING Berserk.
 15801 | Lair:4   | Killed a catoblepas
 15889 | Lair:4   | Noticed a death yak
 15890 | Lair:4   | 15890 ||| Stepping ~*~*~tactically~*~*~ (stealth).
 15957 | Lair:4   | Reached skill level 12 in Axes
 16114 | Lair:4   | Noticed a death yak
 16117 | Lair:4   | 16117 ||| Stepping ~*~*~tactically~*~*~ (stealth).
 16119 | Lair:4   | 16119 ||| INVOKING Berserk.
 16128 | Lair:4   | Killed a death yak
 16131 | Lair:4   | Killed a death yak
 16132 | Lair:4   | Reached XP level 13. HP: 80/80 MP: 13/13
 16251 | Lair:4   | Identified the +10 dagger "Oghuul" {vorpal, rC+ rCorr
                  | Stlth-}
 16271 | Lair:4   | Found a transporter.
 16275 | Lair:4   | Noticed qw's ghost (journeyman MiBe)
 16311 | Lair:4   | Found a transporter.
 16314 | Lair:4   | Identified the +0 leather armour of Mirth {Str+2 Dex+3
                  | Stlth+}
 16378 | Lair:4   | 16378 ||| INVOKING Brothers in Arms.
 16379 | Lair:4   | 16379 ||| INVOKING Brothers in Arms.
 16380 | Lair:4   | 16380 ||| INVOKING Brothers in Arms.
 16381 | Lair:4   | 16381 ||| INVOKING Brothers in Arms.
 16382 | Lair:4   | 16382 ||| INVOKING Brothers in Arms.
 16383 | Lair:4   | 16383 ||| SWAPPING to +0 morningstar.
 16384 | Lair:4   | 16384 ||| INVOKING Berserk.
 16405 | Lair:4   | 16405 ||| SWAPPING to +3 vampiric war axe.
 16786 | Lair:5   | Entered Level 5 of the Lair of Beasts
 16789 | Lair:5   | 16789 ||| INVOKING Brothers in Arms.
 16790 | Lair:5   | Found a staircase to the Slime Pits.
 16790 | Lair:5   | Found a viscous altar of Jiyva.
 16791 | Lair:5   | 16791 ||| SWAPPING to +0 morningstar.
 16793 | Lair:5   | 16793 ||| INVOKING Berserk.
 16799 | Lair:5   | HP: 28/123 [eight-headed hydra (3)]
 16801 | Lair:5   | HP: 11/123 [eight-headed hydra (11)]
 16803 | Lair:5   | HP: 2/82 [death yak[a torpor snail] (7)]
 16804 | Lair:5   | 16804 ||| READING 4 scrolls of teleportation.
 16804 | Lair:5   | Mangled by a death yak

Levels and vault maps discovered:
D:1:      lemuel_arrival_funnel, layout_loops_ring, minmay_lizard_king
D:2:      layout_basic, basic_altar
D:3:      layout_rooms, general_overflow_altar, lemuel_doored_altar,
          zin_statuary, uniq_sigmund
D:4:      layout_basic, demons_altar, eat_drink_and_be_merry_uskayaw,
          ebering_ghost_sewer_d, kennysheep_generic_room_12
D:5:      layout_loops_cross, nicolae_ru_the_path_less_chosen, temple_green,
          nicolae_ossuary_entry_ruins, hangedman_abyss_or_decor_passed,
          kennysheep_nub, st_stairs_7, minmay_increasing_density
D:6:      layout_cave_pools, nicolae_zen_rock_garden
D:7:      layout_loops_corners, grunt_temple_overflow_holy_war,
          amethyst_overflow_temple_binary, uniq_pikel, uniq_menkaure
D:8:      layout_loops_ring, due_lair_maze_entry_diamond,
          nicolae_take_the_stairs, dk_noncrumbling_4
D:9:      layout_loops_ring, erik_orc_3, gammafunk_ghost_necromancy
D:10:     minmay_spotlight, layout_irregular_city, mainiacjoe_overflow_alcove_1
Lair:1:   layout_loops_ring, lemuel_fruit_tree
Lair:2:   layout_small_grid, skrybe_swamp_entry_bodies
Lair:3:   layout_gridlike, guppyfry_snake_entry_garden, serial_bayou_shore_a,
          uniq_nergalle
Lair:4:   beast_lair_carwin_large_1, layout_loops_ring, gammafunk_ghost_hive,
          minmay_holes, pond
Lair:5:   gammafunk_lair_ancient_temple, layout_hall_layers, slime_entry_1,
          grunt_forest_large_clearing_hut, uniq_snorg

Skill      XL: |  1  2  3  4  5  6  7  8  9 10 11 12 13 |
---------------+----------------------------------------+-----
Axes           | 3 4 6 7 9 10 12 | 12.0
Shields        | 3 7 9 10 12 13 14 | 14.6
Armour         | 4 5 6 8 9 |  9.0
Fighting       | 4 5 8 9 10 | 10.1
Throwing       | 1 |  1.1
Dodging        | 2 |  2.0

Action                   |  1- 3 |  4- 6 |  7- 9 | 10-12 | 13-15 || total
-------------------------+-------+-------+-------+-------+-------++-------
Melee: Hand axe          |   115 |    34 |       |       |       ||   149
       Punch             |     1 |       |       |       |       ||     1
       War axe           |       |     9 |   416 |   655 |     6 ||  1086
       Morningstar       |       |       |       |     2 |    14 ||    16
Throw: Boomerang         |       |       |       |    42 |       ||    42
Invok: Berserk           |       |     3 |    12 |    22 |     2 ||    39
       Brothers in Arms  |       |       |       |     2 |     2 ||     4
  Use: Scroll            |     4 |     4 |    19 |     6 |     1 ||    34
       Potion            |       |       |     3 |     2 |       ||     5
 Stab: Distracted        |       |       |       |       |     1 ||     1
Armor: Animal skin       |    21 |       |       |       |       ||    21
       Scale mail        |    23 |    14 |    12 |       |       ||    49
       Chain mail        |       |       |   107 |       |       ||   107
       Plate armour      |       |       |    96 |   439 |    70 ||   605
Dodge: Dodged            |    36 |    12 |    69 |   186 |    31 ||   334
Block: Kite shield       |       |    11 |     9 |       |       ||    20
       Tower shield      |       |       |   264 |   665 |    47 ||   976

Table legend:
 A = Non-vault XP
 B = Vault XP
 C = Vault XP percentage of total XP
 D = Non-vault monster count
 E = Vault monster count
 F = Vault count percentage of total count
                 A         B        C        D         E       F
            +---------+---------+-------+---------+---------+-------
      Total |   24492 |   11074 |  31.1 |     226 |     104 |  31.5
            +---------+---------+-------+---------+---------+-------
        D:1 |      33 |       6 |  15.4 |      19 |       6 |  24.0
        D:2 |      45 |       0 |   0.0 |      12 |       0 |   0.0
        D:3 |      19 |     239 |  92.6 |       8 |       1 |  11.1
        D:4 |     287 |     126 |  30.5 |      14 |       5 |  26.3
        D:5 |     635 |     488 |  43.5 |      14 |      10 |  41.7
        D:6 |     545 |       0 |   0.0 |      11 |       0 |   0.0
        D:7 |     382 |     801 |  67.7 |       8 |       2 |  20.0
        D:8 |    1319 |    1140 |  46.4 |      28 |       9 |  24.3
        D:9 |    1585 |     637 |  28.7 |      32 |      13 |  28.9
     Lair:1 |    3033 |       0 |   0.0 |      19 |       0 |   0.0
     Lair:2 |    6951 |    1346 |  16.2 |      32 |       2 |   5.9
     Lair:3 |    5668 |    1462 |  20.5 |      18 |       5 |  21.7
     Lair:4 |    2629 |    4488 |  63.1 |       8 |      14 |  63.6
     Lair:5 |    1361 |       0 |   0.0 |       3 |       0 |   0.0
    Ossuary |       0 |     341 | 100.0 |       0 |      37 | 100.0
            +---------+---------+-------+---------+---------+-------
